 Dungeon Crawl Stone Soup version 0.31-a0-851-g7ff8af7 (webtiles) character file.

Game seed: 16696029528753641739

1176 gorushi the Digger (level 8, -1/43 HPs)
             Began as a Gargoyle Earth Elementalist on Oct 7, 2023.
             Was an Initiate of Vehumet.
             Killed from afar by a white imp (6 damage)
             ... with a puff of frost
             ... on level 5 of the Dungeon.
             The game lasted 00:06:22 (4251 turns).

gorushi the Digger (Gargoyle Earth Elementalist)    Turns: 4251, Time: 00:06:23

Health: -1/43      AC:  8    Str: 12    XL:     8   Next: 41%
Magic:  3/15       EV: 11    Int: 18    God:    Vehumet [......]
Gold:   258        SH:  0    Dex: 10    Spells: 12/16 levels left

rFire   . . .        k - +2 dagger (freeze)
rCold   . . .        (no shield)
rNeg    + . .        a - +0 robe
rPois   ∞            (no helmet)
rElec   +            (no cloak)
rCorr   .            (no gloves)
SInv    .            h - +0 pair of boots
Will    .....        s - amulet of magic regeneration
Stlth   +++          (no ring)
HPRegen 0.27/turn    (no ring)
MPRegen 0.54/turn

%: no passive effects
@: no status effects
A: sickness immunity, AC +5, negative energy resistance 1, electricity
resistance, torment resistance 1, petrification resistance
a: Renounce Religion


You were on level 5 of the Dungeon.
You worshipped Vehumet.
Vehumet was noncommittal.
You visited 2 branches of the dungeon, and saw 6 of its levels.
You also visited: Ossuary.

You collected 258 gold pieces.

Inventory:

Hand Weapons
 k - a +2 dagger of freezing (weapon)
Missiles
 p - 2 throwing nets
 r - 6 poisoned darts
Armour
 a - a +0 robe (worn)
 h - a +0 pair of boots (worn)
 i - a +0 leather armour of fire resistance
Jewellery
 s - an amulet of magic regeneration (around neck)
Wands
 D - a wand of light (7)
Scrolls
 f - 4 scrolls of identify
 g - a scroll of noise {unknown}
 l - 3 scrolls of immolation {unknown}
 n - a scroll of fog {unknown}
 t - 3 scrolls of vulnerability {unknown}
 u - 3 scrolls of brand weapon {unknown}
 w - 2 scrolls of enchant weapon {unknown}
 x - a scroll of summoning {unknown}
 y - a scroll of poison {unknown}
 B - a scroll of amnesia {unknown}
 E - a scroll of revelation {unknown}
 F - a scroll of teleportation {unknown}
Potions
 b - a potion of magic
 c - 4 potions of mutation
 d - 2 potions of might {unknown}
 e - 4 potions of heal wounds
 j - 2 potions of berserk rage {unknown}
 m - 3 potions of curing {unknown}
 o - a potion of enlightenment {unknown}
 q - a potion of degeneration {unknown}
 v - 2 potions of attraction {unknown}
 z - a potion of ambrosia {unknown}
 A - a potion of cancellation {unknown}
 C - 3 potions of brilliance


   Skills:
 - Level 1.0 Fighting
 - Level 1.5 Dodging
 + Level 6.2 Stealth
 + Level 4.8 Spellcasting
 + Level 4.8 Conjurations
 - Level 0.7 Transmutations
 + Level 6.9 Earth Magic


You had 12 spell levels left.
You knew the following spells:

 Your Spells              Type           Power      Damage    Failure   Level
a - Sandblast             Erth           58%        2d13      1%          1
b - Stone Arrow           Conj/Erth      50%        3d10      3%          3

Your spell library contained the following spells:

 Spells                   Type           Power      Damage    Failure   Level
 Kiss of Death            Conj/Necr      52%        2d9       4%          1
 Passwall                 Tmut/Erth      15%        N/A       4%          2
 Brom's Barrelling Bould  Conj/Erth      25%        2d5       12%         4
 Lesser Beckoning         Tloc           8%         N/A       21%         2
 Petrify                  Tmut/Erth      18%        N/A       28%         4
 Confusing Touch          Hex            4%         N/A       38%         3
 Gell's Gravitas          Tloc           4%         N/A       38%         3
 Teleport Other           Tloc           4%         N/A       38%         3
 Dispel Undead            Necr           4%         3d7       80%         4


Dungeon Overview and Level Annotations

Branches:
Dungeon (5/15)             Temple (1/1) D:5         Ossuary (visited)

Altars:
Ashenzari
Cheibriados
Dithmenos
Fedhas
Gozag
Hepliaklqana
Nemelex Xobeh
Okawaru
Qazlal
Ru
Sif Muna
Uskayaw
Vehumet
Wu Jian
Xom
Yredelemnul
Zin
The Shining One

Shops:
D:2 (


Innate Abilities, Weirdness & Mutations

You are immune to sickness and miasma.
Your stone body is resilient. (AC +5)
You are immune to poison.
You resist negative energy. (rN+)
You are resistant to electric shocks. (rElec)
You are resistant to unholy torment.
You are immune to petrification.


Message History

Aim: an ogre, wielding a +0 giant spiked club (heavily wounded, 86% to hit)
The stone arrow hits the ogre!!
You kill the ogre!
Vehumet accepts your kill. The ufetubus misses you.
The ufetubus closely misses you.
You feel your dexterity returning.
You are too injured to fight recklessly!
You are too injured to fight recklessly!
Unknown command.
Casting: Stone Arrow (dangerous; 3% risk of failure)
Confirm with . or Enter, or press ? or * to list all spells.
Aiming: Sandblast (safe; 1% risk of failure)
Press: ? - help, Shift-Dir - straight line, f - ufetubus
Aim: an ufetubus (72% to hit)
The blast of sand hits the ufetubus.
You kill the ufetubus!
Vehumet accepts your kill. The white imp gestures at you.
The puff of frost hits you.
* * * LOW HITPOINT WARNING * * *
Casting: Sandblast (safe; 1% risk of failure)
Confirm with . or Enter, or press ? or * to list all spells.
Aiming: Sandblast (safe; 1% risk of failure)
Press: ? - help, Shift-Dir - straight line, f - white imp
Aim: a white imp (83% to hit)
The blast of sand misses the white imp.
The white imp gestures at you. The puff of frost hits you.
* * * LOW HITPOINT WARNING * * *
The white imp disappears for a moment.
Casting: Sandblast (safe; 1% risk of failure)
Confirm with . or Enter, or press ? or * to list all spells.
Aiming: Stone Arrow (dangerous; 3% risk of failure)
Press: ? - help, Shift-Dir - straight line, f/p - white imp
Aim: a white imp (71% to hit)
The stone arrow hits the white imp!
The white imp is almost dead.
The white imp gestures at you. The puff of frost hits you.
You die...

##..##..........
#...'...........
#...##..#.....≈≈
#####..##..##..≈≈≈≈
##..##..##.....≈≈≈≈≈
#..............≈≈≈≈≈
#.......##..##.≈≈≈≈≈
#.....%.######.≈≈≈≈≈
##.@##......# .≈≈≈≈
##.###5######..# ...≈≈
#......##..##..# .....
#.........O.#..#.......
#........o.............
#########.>#.≈≈.#####..
#..#.≈≈.# .)...PPP.#
.........##


You could see a white imp.

Vanquished Creatures
  A wraith (Ossuary)
  Menkaure (D:4)
  A water moccasin (D:5)
  An ogre (D:5)
  A phantom (D:4)
  2 bullfrog zombies (Ossuary)
  2 quasits (D:5)
  3 centaur zombies (Ossuary)
  A sleepcap (D:4)
  2 scorpion zombies (Ossuary)
  2 ogre zombies (Ossuary)
  7 adders
  7 gnolls
  A shadow imp (D:5)
  2 white imps (D:5)
  3 ufetubi (D:5)
  3 adder zombies (Ossuary)
  A worm zombie (D:4)
  A worm (D:2)
  5 dart slugs
  4 orcs
  10 endoplasms
  3 giant cockroaches
  11 goblins
  11 hobgoblins
  3 kobolds (D:4)
  4 quokkas
  5 ball pythons
  9 bats
  6 frilled lizards
  3 gnoll zombies (Ossuary)
  3 goblin zombies (Ossuary)
  8 hobgoblin zombies (Ossuary)
  3 orc zombies (Ossuary)
  4 rats
134 creatures vanquished.

Notes
Turn   | Place    | Note
-------+----------+-------------------------------------------
     0 | D:1      | gorushi the Gargoyle Earth Elementalist began the quest for
                  | the Orb.
     0 | D:1      | Reached XP level 1. HP: 10/10 MP: 3/3
    43 | D:1      | Reached skill level 1 in Fighting
   104 | D:1      | Reached XP level 2. HP: 16/16 MP: 1/5
   573 | D:1      | Reached XP level 3. HP: 20/20 MP: 2/6
   577 | D:1      | Learned a level 3 spell: Stone Arrow
  1184 | D:2      | Reached XP level 4. HP: 12/25 MP: 1/7
  1342 | D:2      | Reached skill level 1 in Conjurations
  1407 | D:2      | Found a faded altar of an unknown god.
  1472 | D:2      | Found Qeklu's Antique Weapon Emporium.
  2176 | D:3      | Reached XP level 5. HP: 29/29 MP: 6/9
  2659 | D:3      | Found a shadowy altar of Dithmenos.
  2660 | D:3      | Found a hide-covered altar of Uskayaw.
  2667 | D:3      | Found an ornate altar of the Wu Jian Council.
  2669 | D:3      | Found a hazy altar of Hepliaklqana.
  2671 | D:3      | Found an opulent altar of Gozag.
  2750 | D:3      | Found a snail-covered altar of Cheibriados.
  3181 | D:4      | Reached skill level 5 in Earth Magic
  3181 | D:4      | Reached XP level 6. HP: 24/34 MP: 7/10
  3223 | D:4      | Found a sand-covered staircase.
  3266 | D:4      | Noticed Menkaure
  3272 | Ossuary  | Entered an ossuary
  3497 | Ossuary  | Reached XP level 7. HP: 38/38 MP: 6/12
  3583 | Ossuary  | Reached skill level 5 in Stealth
  3622 | Ossuary  | Noticed a wraith
  3629 | Ossuary  | Killed a wraith
  3647 | Ossuary  | Noticed a silent spectre
  3689 | D:4      | Killed Menkaure
  3690 | D:4      | Reached XP level 8. HP: 43/43 MP: 5/14
  4034 | D:5      | Entered Level 5 of the Dungeon
  4103 | D:5      | Found a staircase to the Ecumenical Temple.
  4113 | Temple   | Entered the Ecumenical Temple
  4134 | Temple   | Became a worshipper of Vehumet
  4251 | D:5      | Killed from afar by a white imp

Illustrated notes

Levels and vault maps discovered:
D:1:      dpeg_arrival_fog, layout_basic
D:2:      layout_basic, shapermc_ecumenical_altar_starsandcircs, serial_shops,
          shop
D:3:      layout_basic, mainiacjoe_overflow_alcove_2, minitemple,
          due_unseen_surprise
D:4:      layout_cave_pools, enter_ossuary_3, uniq_menkaure
D:5:      layout_gridville, temple_pool_b, serial_demonic, serial_demonic_c,
          serial_demonic_d, serial_demonic_b, serial_demonic_f,
          serial_demonic_g, serial_demonic_f, serial_demonic_b,
          serial_demonic_d, serial_demonic_g, serial_demonic_e
Temple:   nicolae_temple_slightly_damp_pantheon

Skill      XL: |  1  2  3  4  5  6  7  8 |
---------------+-------------------------+-----
Fighting       | 1 |  1.0
Earth Magic    | 4 5 6 |  6.9
Stealth        | 3 4 5 6 |  6.2
Conjurations   | 1 2 3 4 |  4.8
Spellcasting   | 3 4 |  4.8
Dodging        | |  1.5
Transmutations | |  0.7

Action                     |  1- 3 |  4- 6 |  7- 9 || total
---------------------------+-------+-------+-------++-------
  Melee: Unarmed           |     1 |       |       ||     1
         Dagger            |       |     7 |     3 ||    10
   Cast: Sandblast         |    45 |   127 |    58 ||   230
         Stone Arrow       |       |     3 |    16 ||    19
    Use: Scroll            |       |       |     3 ||     3
 Armour: Robe              |    10 |    45 |    53 ||   108
  Dodge: Dodged            |     7 |    43 |    53 ||   103

Table legend: (Time is in decaauts)
 A = Elapsed time spent in this place.
 B = Non-inter-level travel time spent in this place.
 C = Inter-level travel time spent in this place.
 D = Time resting spent in this place.
 E = Time spent auto-exploring this place.
 F = Levels seen in this place.
 G = Mean time per level.
                   A        B        C        D        E       F      G
               +--------+--------+--------+--------+--------+-----+--------+
         Total |   4369 |   4250 |    119 |    284 |   3180 |   7 |  624.1 |
       Dungeon |   3880 |   3801 |     79 |    284 |   2938 |   5 |  776.0 |
        Temple |     42 |      2 |     40 |      0 |      0 |   1 |   42.0 |
       Ossuary |    446 |    446 |      0 |      0 |    242 |   1 |  446.0 |
               +--------+--------+--------+--------+--------+-----+--------+

Top non-repeatable levels by time:
     D:1: 1332 daAuts
     D:3: 951 daAuts
     D:2: 878 daAuts
     D:4: 530 daAuts
 Ossuary: 446 daAuts
     D:5: 186 daAuts
  Temple: 42 daAuts
